Map: Gresvan LE

Players

zuander

  • Race: Zerg Zerg
  • League: Platinum
  • Spawn Location: 11:00

turdburglar - Winner!

  • Race: Terran Terran
  • League: Platinum
  • Spawn Location: 5:00

VOD

Have the link to the VOD?

Description

Time

  • Played on: March 19, 2023, 1:24 a.m.
  • Length: 14:58
Show
View Real Time Build Order
Export as new Build Order

zuander Zerg 

Build Orders: Pool First 

Get SALT Encoding   

  12  0:18  Spawning Pool  
  11  0:22  Drone  
  11  0:27  Drone  
  13  0:36  Overlord  
  13  0:43  Drone  
  14  0:50  Extractor  
  14  0:51  Drone  
  14  0:56  Drone  
  15  1:05  Queen  
  17  1:18  Drone x2  
  19  1:36  Roach Warren  
  18  1:43  Overlord  
  18  1:58  Drone x2  
  20  2:02  Drone  
  21  2:14  Overlord  
  21  2:29  Roach x3  
  27  2:40  Roach  
  29  2:46  Roach  
  29  2:47  Roach  
  33  2:53  Overlord  
  33  2:56  Overlord  
  33  3:08  Ravager  
  34  3:17  Ravager  
  35  3:43  Roach  
  35  3:45  Hatchery  
  36  4:01  Roach x3  
  38  4:55  Metabolic Boost  
  28  5:01  Queen  
  28  5:02  Drone  
  31  5:14  Zergling x10  
  32  5:20  Drone x2  
  38  5:35  Drone x5  
  43  5:41  Drone  
  44  5:42  Overlord  
  44  6:00  Queen  
  46  6:09  Drone x4  
  50  6:12  Overlord  
  49  6:30  Drone x2  
  51  6:38  Baneling Nest  
  50  6:48  Drone  
  50  6:49  Drone x4  
  55  7:02  Hatchery  
  52  7:13  Extractor  
  52  7:14  Lair  
  52  7:15  Extractor  
  50  7:16  Drone x3  
  50  7:18  Extractor  
  52  7:26  Zergling x14  
  55  7:34  Overlord  
  45  7:53  Zergling x2  
  45  7:54  Zergling x14  
  44  8:05  Overlord x2  
  44  8:18  Queen  
  44  8:19  Drone  
  45  8:36  Zergling x8  
  45  8:37  Zergling x2  
  47  8:42  Hatchery  
  47  8:43  Queen  
  47  8:46  Centrifugal Hooks  
  47  8:47  Zergling x2  
  47  8:48  Zergling x6  
  52  9:08  Queen  
  56  9:25  Queen  
  56  9:35  Baneling x4  
  56  9:36  Baneling x2  
  56  9:46  Zergling x8  
  56  9:48  Overlord x4  
  60  10:03  Baneling  
  60  10:04  Baneling x3  
  59  10:16  Baneling x4  
  59  10:17  Baneling, Zergling x2  
  59  10:18  Zergling x18  
  62  10:32  Zergling x10  
  65  10:50  Hatchery  
  60  11:15  Zergling x2  
  60  11:16  Zergling x20  
  67  11:27  Baneling  
  67  11:28  Baneling x6  
  67  11:32  Hatchery  
  66  11:35  Hydralisk Den  
  66  11:38  Queen  
  67  11:43  Evolution Chamber  
  65  12:02  Hatchery  
  63  12:16  Zerg Melee Weapons Level 1  
  63  12:19  Muscular Augments  
  63  12:21  Drone  
  63  12:22  Drone x12  
  76  12:37  Baneling  
  76  12:38  Baneling x7  
  76  12:39  Baneling  
  76  12:56  Evolution Chamber  
  75  13:05  Baneling x2  
  74  13:06  Hydralisk x3  
  74  13:08  Overlord x5  
  80  13:26  Hydralisk  
  80  13:27  Hydralisk x2  
  79  13:35  Zergling x20  
  75  13:56  Zergling x14  
  75  13:58  Baneling x3  
  75  13:59  Baneling x4  
  76  14:15  Zergling x4  
  76  14:16  Zergling x12  
  70  14:23  Zergling x2  
  60  14:31  Zergling x10  
  58  14:37  Zergling x2  
  58  14:38  Zergling x6  
Show
View Real Time Build Order
Export as new Build Order

turdburglar Terran - Winner!

Build Orders: Command Center First (CC) 

Get SALT Encoding   

  12  0:00  SCV  
  13  0:12  SCV  
  14  0:17  Supply Depot  
  14  0:25  SCV  
  15  0:39  SCV  
  16  0:51  SCV  
  17  1:03  Command Center, SCV  
  18  1:15  Barracks  
  18  1:17  SCV  
  19  1:22  Refinery  
  19  1:29  SCV  
  20  1:41  SCV  
  21  1:49  Barracks  
  22  1:55  Refinery  
  22  2:04  Orbital Command  
  22  2:05  Marine  
  22  2:16  Orbital Command  
  22  2:24  Barracks Reactor  
  22  2:31  SCV  
  23  2:37  Barracks Tech Lab  
  23  2:39  Factory  
  23  2:42  SCV  
  24  2:51  SCV  
  24  2:56  SCV  
  26  3:02  Stimpack  
  26  3:03  SCV, Marine x3  
  30  3:08  SCV  
  31  3:16  SCV, Supply Depot  
  32  3:20  SCV  
  32  3:22  Marine x2  
  32  3:23  Marine  
  32  3:25  Factory Reactor  
  32  3:26  Starport  
  36  3:28  SCV  
  36  3:33  SCV  
  38  3:40  SCV, Supply Depot, Marine x3  
  42  3:45  SCV  
  43  3:52  SCV  
  43  4:00  Marine x3  
  46  4:05  Supply Depot  
  46  4:11  Supply Depot  
  45  4:26  Marine x2  
  45  4:28  Marine  
  45  4:44  Marine x2  
  46  4:46  Marine  
  40  5:02  Marine x2  
  40  5:05  Factory Tech Lab  
  42  5:09  Supply Depot  
  42  5:16  SCV x2  
  44  5:21  Supply Depot  
  44  5:22  Marine x3  
  44  5:23  Command Center  
  47  5:31  Engineering Bay  
  47  5:35  Supply Depot  
  47  5:44  SCV x2  
  47  5:47  Marine x3  
  47  5:48  Siege Tank  
  47  5:49  Medivac  
  57  5:54  Medivac  
  57  5:56  SCV  
  60  5:59  Terran Infantry Weapons Level 1  
  59  6:04  Supply Depot  
  59  6:05  Supply Depot  
  59  6:08  Marine x3  
  62  6:14  Engineering Bay  
  62  6:22  SCV x2  
  63  6:32  Supply Depot, Marine x3  
  66  6:34  SCV x2  
  66  6:35  Supply Depot  
  69  6:47  Orbital Command  
  69  6:50  Siege Tank  
  69  6:51  Marine x2  
  69  6:52  Marine  
  69  6:53  Medivac x2  
  78  6:55  Terran Infantry Armor Level 1  
  78  7:01  SCV x2, Armory  
  80  7:05  Refinery  
  80  7:10  Marine  
  80  7:11  Marine  
  80  7:13  SCV x2  
  84  7:42  Marine x3  
  84  7:43  Siege Tank  
  85  7:53  Medivac  
  85  7:54  Medivac  
  83  7:59  SCV x3  
  83  8:02  Terran Infantry Weapons Level 2  
  86  8:09  Refinery  
  86  8:13  Marine x3, Supply Depot  
  86  8:14  Supply Depot  
  89  8:20  Orbital Command  
  89  8:22  SCV x2  
  89  8:37  Marine x3  
  89  8:38  Siege Tank  
  92  8:42  Combat Shield  
  92  8:44  Barracks  
  92  8:45  Barracks  
  92  8:46  SCV x3  
  92  8:48  Barracks  
  93  8:55  Marine  
  92  9:00  SCV x3  
  92  9:01  Terran Infantry Armor Level 2  
  95  9:03  Marine  
  96  9:12  SCV x2  
  98  9:18  Refinery  
  98  9:21  SCV, Refinery  
  99  9:24  SCV x2  
  101  9:33  Command Center  
  101  9:40  Marine  
  101  9:41  Marine x2  
  101  9:42  Siege Tank  
  101  9:43  Barracks Reactor  
  101  9:44  Barracks Tech Lab x2  
  107  9:47  Supply Depot  
  107  9:54  SCV  
  107  9:55  SCV x2  
  107  9:58  Marine x2  
  107  10:36  Marine x3  
  107  10:37  Marauder, Marine  
  107  10:38  Marauder x2, Siege Tank  
  107  10:39  Medivac x2  
  124  10:56  SCV x2  
  124  10:57  SCV, Planetary Fortress  
  124  11:02  Marine x2  
  124  11:03  Marauder x2  
  124  11:04  Marauder  
  124  11:24  Marine x3  
  124  11:25  Siege Tank  
  130  11:26  Medivac x2  
  130  11:28  Marauder x3  
  130  11:30  SCV x3  
  142  11:35  SCV  
  142  11:36  Terran Infantry Armor Level 3, Terran Infantry Weapons Level 3  
  142  11:37  Marine  
  144  11:40  Concussive Shells  
  144  11:42  SCV x2, Marine x3  
  144  11:46  Supply Depot  
  149  11:47  Supply Depot  
  149  11:48  Supply Depot  
  149  11:50  Marine, Supply Depot  
  149  11:51  Marauder x2  
  149  11:52  Sensor Tower  
  147  12:11  Marine  
  147  12:12  Marine x5  
  152  12:16  Siege Tank  
  152  12:17  Medivac x2  
  152  12:20  Missile Turret  
  159  12:23  Marine  
  159  12:29  Marine x2  
  161  12:30  Factory  
  161  12:31  Marine  
  161  12:32  Marine  
  161  12:34  Barracks  
  164  12:39  Sensor Tower  
  164  12:42  SCV x4  
  168  12:54  SCV x3  
  171  13:05  Command Center  
  171  13:15  Ghost Academy  
  171  13:22  Marine x6  
  171  13:24  Siege Tank  
  170  13:53  Marauder x2, Marine  
  170  13:54  Marauder, Marine x3  
  171  14:05  Siege Tank  
  171  14:06  Medivac x2  
  175  14:11  Marine x2  
  175  14:16  Marine  
  175  14:17  Marine x2  
Tags
 
Add a new tag
Caveats
  • Supply blocks, unpowered buildings, or Contaminate may cause inaccurate times.
  • Supply counts are checked every 10 seconds.